 Dungeon Crawl Stone Soup version bcrawl-1.21.3-2-g9d8a61a446 (webtiles) character file.

Game seed: 3207174560371977570

12585 Dyss the Devastator (level 11, -9/72 HPs)
             Began as a Fairy Conjurer on Apr 26, 2020.
             Was a Priest of Vehumet.
             Killed from afar by Harold (33 damage)
             ... with a bolt of fire
             ... on level 1 of the Lair of Beasts.
             The game lasted 00:17:25 (12004 turns).

Dyss the Devastator (Fairy Conjurer)               Turns: 12004, Time: 00:17:26

Health: -9/72      AC: 11    Str:  6    XL:     11   Next: 95%
Magic:  30/37      EV: 24    Int: 26    God:    Vehumet [***...]
Gold:   870        SH:  6    Dex: 17    Spells: 18/27 levels left

rFire    x . .     SeeInvis .   C - staff of power
rCold    . . .     Gourm    +   (shield currently unavailable)
rNeg     + . .     Faith    .   (armour unavailable)
rPois    .         Spirit   .   g - +1 hat
rElec    .         Reflect  .   (no cloak)
rCorr    .         Harm     .   (no gloves)
MR       +....                  (no boots)
Stlth    +.........             j - amulet "Vaqy" {Gourm rF- rN+ Dex+4}
HPRegen  0.22/turn              z - +4 ring of intelligence
MPRegen  0.25/turn              E - +4 ring of protection

@: flying evasively
A: small, magic attunement, unstealthy, unfitting armour, able to fly, AC/SH +6
a: Stop Flying, Renounce Religion


You were on level 1 of the Lair of Beasts.
You worshipped Vehumet.
Vehumet was most pleased with you.
You were very hungry.

You visited 3 branches of the dungeon, and saw 13 of its levels.

You collected 870 gold pieces.

Inventory:

Missiles
 p - 2 throwing nets (quivered) {!f}
Armour
 g - a +1 hat (worn)
 h - a +0 buckler
Magical Staves
 C - an uncursed staff of power (weapon)
Jewellery
 j - the amulet "Vaqy" (around neck) {Gourm rF- rN+ Dex+4}
   (You acquired it on level 10 of the Dungeon)

   [amulet of the gourmand]

   It allows you to eat raw meat even when not hungry.
   It affects your dexterity (+4).
   It makes you vulnerable to fire.
   It protects you from negative energy.
 z - a +4 ring of intelligence (left hand)
 E - a +4 ring of protection (right hand)
 F - an uncursed amulet of regeneration
Wands
 A - a wand of digging (10)
 B - a wand of acid (7)
 G - a wand of flame (17)
Scrolls
 c - 4 scrolls of enchant weapon
 i - 6 scrolls of teleportation
 k - 2 scrolls of remove curse
 r - 3 scrolls of magic mapping
 s - a scroll of enchant armour {unknown}
 t - 2 scrolls of blinking {unknown}
 u - 4 scrolls of fog
 x - a scroll of immolation {unknown}
 y - 3 scrolls of amnesia {unknown}
 D - a scroll of fear
Potions
 a - a potion of cancellation {unknown}
 b - 6 potions of magic
 d - 3 potions of curing
 f - 5 potions of lignification
 l - 4 potions of heal wounds
 m - 3 potions of berserk rage
 o - 3 potions of flight
 q - 2 potions of haste
 v - 3 potions of might
 w - 2 potions of mutation
 H - a potion of brilliance {unknown}
Comestibles
 e - 26 rations {!d}


   Skills:
 + Level 6.1 Fighting
 + Level 9.3 Dodging
 - Level 1.5 Stealth
 + Level 4.0 Shields
 + Level 8.5 Spellcasting
 * Level 15.7 Conjurations
 + Level 4.5 Transmutations


You had 18 spell levels left.
You knew the following spells:

 Your Spells              Type           Power        Failure   Level  Hunger
a - Magic Dart            Conj           ####         0%          1    None
b - Iskenderun's Mystic   Conj           #######.     1%          3    None
c - Irradiate             Conj/Tmut      ######....   1%          5    None

Your spell library contained the following spells:

 Spells                   Type           Power        Failure   Level  Hunger
 Ignite Poison            Fire/Tmut/Pois ###.....     2%          3    None
 Searing Ray              Conj           #######.     0%          2    None
 Flame Tongue             Conj/Fire      #####        1%          1    None
 Sandblast                Erth           ##....       1%          1    None
 Conjure Flame            Conj/Fire      ######..     1%          3    None
 Mephitic Cloud           Conj/Pois/Air  #####...     1%          3    None
 Fulminant Prism          Conj/Hex       ######....   1%          4    None
 Sticky Flame             Conj/Fire      ######..     1%          4    None
 Fireball                 Conj/Fire      ######....   1%          5    None
 Inner Flame              Hex/Fire       N/A          4%          3    None
 Apportation              Tloc           ##....       5%          1    None
 Infusion                 Chrm           ##......     5%          1    None
 Slow                     Hex            ##......     5%          1    None
 Summon Butterflies       Summ           ##......     5%          1    None
 Spider Form              Tmut/Pois      ###          6%          3    None
 Blink                    Tloc           N/A          9%          2    None
 Call Imp                 Summ           ##....       9%          2    None
 Flaming Arrows           Chrm/Fire      ##......     9%          2    None


Dungeon Overview and Level Annotations

Branches:
Dungeon (11/12)            Temple (1/1) D:5            Lair (1/6) D:7
    Orc (0/1) D:10
 Vaults: D:11-12

Altars:
Ashenzari
Cheibriados
Dithmenos
Elyvilon
Fedhas
Gozag
Hepliaklqana
Kikubaaqudgha
Lugonu
Makhleb
Nemelex Xobeh
Okawaru
Qazlal
Ru
Sif Muna
Trog
Uskayaw
Vehumet
Wu Jian
Xom
Yredelemnul
Zin
The Shining One

Shops:
D:9 }

Annotations:
D:7 exclusion: orange crystal statue
D:10 exclusion: ice statue
D:11 Kirke
Lair:1 2 transporters, HASTUR3's ghost, journeyman FrWz; Harold


Innate Abilities, Weirdness & Mutations

Your spells do not cause hunger and MP costs are reduced by 1.
Your bright wings attract enemies. (Stealth-)
You cannot fit into any form of body armour.
Your shimmering scales are hard and can block incoming attacks. (AC +6, SH +6)
You are small and have problems with some larger weapons.
You can fly continuously.


Message History

Aim: Harold, wielding a +1 trident of freezing, wearing a +0 scale mail, wearing a +0 medium shield and quivering 3 throwing nets (moderately wounded) Harold blocks the orb of energy.
Harold throws a throwing net.
The throwing net completely misses you.
Casting: Iskenderun's Mystic Blast (safe; 1% risk of failure)
Confirm with . or Enter, or press ? or * to list all spells.
Aiming: Iskenderun's Mystic Blast (safe; 1% risk of failure)
Press: ? - help, Shift-Dir - straight line, f/p - Harold
Aim: Harold, wielding a +1 trident of freezing, wearing a +0 scale mail, wearing a +0 medium shield and quivering 2 throwing nets (moderately wounded)
The orb of energy hits Harold!!
Harold is severely wounded.
Casting: Iskenderun's Mystic Blast (safe; 1% risk of failure)
Confirm with . or Enter, or press ? or * to list all spells.
Aiming: Iskenderun's Mystic Blast (safe; 1% risk of failure)
Press: ? - help, Shift-Dir - straight line, f/p - Harold
Aim: Harold, wielding a +1 trident of freezing, wearing a +0 scale mail, wearing a +0 medium shield and quivering 2 throwing nets (severely wounded)
The orb of energy hits Harold!
Harold is almost dead.
Harold points at you and mumbles some strange words.
The fire burns you terribly! The bolt of fire hits you!!
You die...

# #.# #[# #..# #..###
. ... ..###..#
##.....# . ....
..##...######.#...##
.. #.###
##.......#.......# #P
.# #
#P...............#
#.##.......#.P.#...##
.....................
............#.....##
.. #@..@.......####
.. #......(##..# ##
####........###
##..###..#.#######
#### #...........
#########.## ###


You could see Harold.

Vanquished Creatures
  A two-headed ogre (D:9)
  A centaur warrior (D:9)
  A cyclops (D:10)
  3 ugly things
  2 cane toads (Lair:1)
  A komodo dragon (Lair:1)
  2 trolls
  2 hippogriffs
  A spriggan (D:7)
  5 yaks
  Sigmund (D:2)
  A basilisk (D:9)
  4 hungry ghosts
  2 crocodiles
  A soldier ant (D:8)
  A water moccasin (Lair:1)
  Duvessa (D:7)
  4 porcupines (D:7)
  11 ice beasts
  5 sky beasts
  A hornet zombie (D:10)
  A black bear (D:6)
  An orc warrior (D:9)
  3 phantoms
  4 centaurs
  3 ogres
  2 big kobolds
  4 bullfrogs
  A wyvern zombie (D:8)
  Dowan (D:7)
  4 scorpions (D:7)
  6 killer bees (D:9)
  5 howler monkeys
  6 electric eels
  8 crimson imps
  3 hounds
  2 jellies
  9 orc wizards
  6 orc priests
  A bullfrog skeleton (D:4)
  A centaur skeleton (D:5)
  6 iguanas
  5 worker ants
  Natasha (D:4)
  A killer bee zombie (D:7)
  A worker ant zombie (D:9)
  Robin (D:2)
  7 gnolls
  15 adders
  2 shadow imps
  2 adder skeletons
  6 worms
  A dart slug (D:1)
  4 leopard geckos
  32 orcs
  3 bats
  3 giant cockroaches
  8 goblins
  7 hobgoblins
  13 jackals
  A quokka (D:3)
  7 ball pythons
  7 frilled lizards
  A jackal skeleton (D:7)
  17 kobolds
  A quokka skeleton (D:4)
  8 rats
  A plant (D:7)
283 creatures vanquished.

Vanquished Creatures (others)
  38 fungi (D:7)
  19 plants (D:7)
57 creatures vanquished.

Grand Total: 340 creatures vanquished

Notes
Turn   | Place    | Note
-------+----------+-------------------------------------------
     0 | D:1      | Dyss the Fairy Conjurer began the quest for the Orb.
     0 | D:1      | Reached XP level 1. HP: 11/11 MP: 6/6
    27 | D:1      | Reached skill level 5 in Conjurations
   372 | D:1      | Reached XP level 2. HP: 17/17 MP: 7/7
   573 | D:1      | Reached XP level 3. HP: 21/21 MP: 9/9
   650 | D:1      | Reached skill level 6 in Conjurations
   902 | D:2      | Learned a level 3 spell: Iskenderun's Mystic Blast
  1146 | D:2      | Noticed Robin
  1147 | D:2      | Reached XP level 4. HP: 27/27 MP: 10/10
  1150 | D:2      | Killed Robin
  1318 | D:2      | Reached skill level 7 in Conjurations
  1429 | D:2      | Noticed Sigmund
  1435 | D:2      | Killed Sigmund
  1435 | D:2      | Reached skill level 8 in Conjurations
  1435 | D:2      | Reached XP level 5. HP: 28/31 MP: 2/11
  1435 | D:2      | Reached XP level 6. HP: 32/36 MP: 2/12
  2250 | D:3      | Reached skill level 9 in Conjurations
  2479 | D:3      | Noticed a sky beast
  2487 | D:3      | Killed a sky beast
  2487 | D:3      | Reached XP level 7. HP: 41/41 MP: 2/13
  2854 | D:3      | Found a burning altar of Makhleb.
  3139 | D:4      | Reached skill level 10 in Conjurations
  3527 | D:4      | Reached skill level 11 in Conjurations
  3666 | D:4      | Reached XP level 8. HP: 46/46 MP: 7/14
  3844 | D:4      | Noticed Natasha
  3851 | D:4      | Killed Natasha
  3857 | D:4      | Reached skill level 12 in Conjurations
  4432 | D:5      | Entered Level 5 of the Dungeon
  4742 | D:5      | Found a shadowy altar of Dithmenos.
  4844 | D:5      | Found a staircase to the Ecumenical Temple.
  4853 | Temple   | Entered the Ecumenical Temple
  4934 | Temple   | Became a worshipper of Vehumet
  5188 | D:5      | Reached skill level 1 in Fighting
  5689 | D:6      | Noticed a hippogriff
  5692 | D:6      | Killed a hippogriff
  5692 | D:6      | Reached XP level 9. HP: 54/54 MP: 9/17
  5928 | D:6      | Reached skill level 13 in Conjurations
  6065 | D:6      | Found an ornate altar of the Wu Jian Council.
  6161 | D:6      | Reached skill level 5 in Dodging
  6165 | D:6      | Reached * piety under Vehumet
  6165 | D:6      | Offered knowledge of Shock by Vehumet.
  6392 | D:7      | Noticed Duvessa
  6392 | D:7      | Noticed Dowan
  6398 | D:7      | Killed Duvessa
  6400 | D:7      | Killed Dowan
  6412 | D:7      | Reached skill level 5 in Spellcasting
  6918 | D:7      | Reached XP level 10. HP: 63/63 MP: 9/20
  6991 | D:7      | Found a staircase to the Lair.
  7003 | D:7      | Reached skill level 14 in Conjurations
  7014 | D:7      | Offered knowledge of Freeze by Vehumet.
  7021 | D:7      | Learned a level 5 spell: Irradiate
  7162 | D:7      | Reached ** piety under Vehumet
  7605 | D:7      | Reached skill level 1 in Transmutations
  7606 | D:7      | Noticed an orange crystal statue
  9414 | D:9      | Noticed a purple ugly thing
  9417 | D:9      | Killed a purple ugly thing
  9417 | D:9      | Offered knowledge of Dazzling Spray by Vehumet.
  9417 | D:9      | Reached skill level 5 in Fighting
  9493 | D:9      | Reached XP level 11. HP: 71/71 MP: 17/24
  9579 | D:9      | Found Issiwyck's Gadget Emporium.
  9685 | D:9      | Noticed a two-headed ogre
  9690 | D:9      | Killed a two-headed ogre
  9690 | D:9      | Reached skill level 1 in Shields
  9690 | D:9      | Reached skill level 15 in Conjurations
  9710 | D:9      | Reached *** piety under Vehumet
  9779 | D:9      | Noticed a centaur warrior
  9783 | D:9      | Killed a centaur warrior
 10205 | D:10     | Entered Level 10 of the Dungeon
 10205 | D:10     | Found a staircase to the Orcish Mines.
 10272 | D:10     | Noticed a cyclops
 10275 | D:10     | Killed a cyclops
 10502 | D:10     | Noticed a purple ugly thing
 10502 | D:10     | Noticed a cyan ugly thing
 10509 | D:10     | Killed a cyan ugly thing
 10512 | D:10     | Killed a cyan ugly thing
 10519 | D:10     | Offered knowledge of Ignite Poison by Vehumet.
 11127 | D:10     | Identified a scroll of acquirement
 11148 | D:10     | Identified the amulet "Vaqy" {Gourm rF- rN+ Dex+4} (You
                  | acquired it on level 10 of the Dungeon)
 11162 | D:11     | Noticed Kirke
 11268 | Lair:1   | Entered Level 1 of the Lair of Beasts
 11566 | Lair:1   | Found a white marble altar of Elyvilon.
 11804 | Lair:1   | Found a transporter.
 11808 | Lair:1   | Found a transporter.
 11853 | Lair:1   | Noticed HASTUR3's ghost (journeyman FrWz)
 11996 | Lair:1   | Noticed Harold
 12004 | Lair:1   | Killed from afar by Harold

Skill      XL: |  1  2  3  4  5  6  7  8  9 10 11 |
---------------+----------------------------------+-----
Conjurations   | 5 6 8 9 11 12 13 14 15 | 15.7
Dodging        | 4 6 8 9 |  9.3
Spellcasting   | 4 5 7 8 |  8.5
Fighting       | 2 3 5 6 |  6.1
Transmutations | 2 4 |  4.5
Shields        | 4 |  4.0
Stealth        | |  1.5

Action                   |  1- 3 |  4- 6 |  7- 9 | 10-12 || total
-------------------------+-------+-------+-------+-------++-------
 Cast: Magic Dart        |    72 |    50 |    96 |    94 ||   312
       Iskenderun's Myst |       |    34 |   129 |   194 ||   357
       Irradiate         |       |       |       |     1 ||     1
  Use: Scroll            |       |       |       |    16 ||    16
  Eat: Chunk             |     1 |       |    13 |    12 ||    26
       Ration            |       |     1 |       |     1 ||     2
Armor: Skin              |       |     5 |     6 |     6 ||    17
Dodge: Dodged            |     9 |    19 |    30 |    41 ||    99
Block: Other             |     1 |     3 |    14 |    15 ||    33
